 Dungeon Crawl Stone Soup version 0.30-a0-862-g1aabd4f9c5 (webtiles) character file.

Game seed: 9265663710955815872

17 ragingrage the Vexing (level 2, 0/21 HPs)
             Began as a Barachi Hexslinger on Mar 9, 2023.
             Slain by a kobold
             ... wielding a +0 dagger
              (2 damage)
             ... on level 1 of the Dungeon.
             The game lasted 00:01:00 (570 turns).

ragingrage the Vexing (Barachi Hexslinger)           Turns: 570, Time: 00:01:01

Health: 0/21       AC:  2    Str: 11    XL:     2   Next: 62%
Magic:  1/3        EV: 12    Int: 13    God:
Gold:   24         SH:  0    Dex: 12    Spells: 2/3 levels left

rFire   . . .      SeeInvis .    a - +1 sling
rCold   . . .      Faith    .    (no shield)
rNeg    . . .      Spirit   .    c - +0 robe
rPois   .          Reflect  .    (no helmet)
rElec   .          Rampage  .    (no cloak)
rCorr   .                        (no gloves)
Will    .....                    (no boots)
Stlth   +                        (no amulet)
HPRegen 0.23/turn                (no ring)
MPRegen 0.08/turn                (no ring)

@: lethally poisoned (0 -> -16), unable to hop, slow
A: amphibious, slowness 1, strong legs 1, +LOS
a: Hop


You were on level 1 of the Dungeon.
You visited 1 branch of the dungeon, and saw 1 of its levels.

You collected 24 gold pieces.

Inventory:

Hand Weapons
 a - a +1 sling (weapon)
Armour
 c - a +0 robe (worn)
Scrolls
 b - 2 scrolls of poison
 d - 2 scrolls of fear {unknown}
 e - 2 scrolls of identify {unknown}
Potions
 f - a potion of lignification {unknown}


   Skills:
 - Level 1.2 Fighting
 + Level 3.1 Ranged Weapons
 - Level 2.1 Dodging
 - Level 1.1 Spellcasting
 - Level 3.2 Hexes


You had 2 spell levels left.
You knew the following spells:

 Your Spells              Type           Power      Damage    Failure   Level
a - Slow                  Hex            36%        N/A       8%          1

Your spell library contained the following spells:

 Spells                   Type           Power      Damage    Failure   Level
 Magic Dart               Conj           0%         1d3       28%         1
 Summon Small Mammal      Summ           0%         N/A       28%         1
 Searing Ray              Conj           0%         2d4       38%         2
 Inner Flame              Hex/Fire       4%         N/A       38%         3
 Portal Projectile        Hex/Tloc       8%         N/A       38%         3
 Summon Guardian Golem    Hex/Summ       4%         N/A       38%         3
 Cause Fear               Hex            4%         N/A       58%         4
 Call Canine Familiar     Summ           0%         N/A       63%         3
 Fulminant Prism          Conj/Hex       2%         3d5       80%         4


Dungeon Overview and Level Annotations

Branches:
Dungeon (1/15)

Altars:


Innate Abilities, Weirdness & Mutations

You are amphibious.
You cover ground slowly.
You can hop short distances.
You have an extended range of vision and can be seen from far away.


Message History

The sling bullet closely misses the kobold.
Fire: a) +1 sling
Aim: a kobold, wielding a +2 dagger of venom (47% to hit)
You shoot a sling bullet.
The sling bullet hits the kobold but does no damage.
Unknown command.
Fire: a) +1 sling
Aim: a kobold, wielding a +2 dagger of venom (47% to hit)
You shoot a sling bullet.
The sling bullet hits the kobold but does no damage.
Your magical contamination has completely faded away.
Fire: a) +1 sling
Aim: a kobold, wielding a +2 dagger of venom (47% to hit)
You shoot a sling bullet.
The sling bullet barely misses the kobold.
The kobold closely misses you.
The kobold hits you with a +2 dagger of venom.
You are poisoned.
Fire: a) +1 sling
Aim: a kobold, wielding a +2 dagger of venom (47% to hit)
You shoot a sling bullet.
The sling bullet hits the kobold but does no damage.
You feel very sick.
The kobold hits you with a +2 dagger of venom.
You are lethally poisoned!
Fire: a) +1 sling
Aim: a kobold, wielding a +2 dagger of venom (47% to hit)
You shoot a sling bullet. The sling bullet hits the kobold.
You feel very sick.
The kobold hits you with a +2 dagger of venom.
You are more poisoned.
The kobold hits you with a +0 dagger.
Fire: a) +1 sling
Aim: a kobold, wielding a +2 dagger of venom (moderately wounded, 47% to hit)
You shoot a sling bullet. The sling bullet hits the kobold.
You kill the kobold!
* * * LOW HITPOINT WARNING * * *
You feel very sick. The kobold hits you with a +0 dagger.
You die...

##.#..........#.# ###.######
##.####.......#.# #.# ##.#
#∩#####∩#.# ##.## ...#
##########)# #...#
######....##.##.# #...#
####............# #...######
................####........# #
..............#.............#.#..
.........#.##...@).).............
....##...#.####..K..........#.#..
....######......####...####.# #
##### #.###### #........# #.#
#.(.#####. ##########.# .......
.# ........##.# #.##K##.# )#
#.......##.# #. #.# .# #
..##.#..##.# . ..# #


You could see a kobold.

Vanquished Creatures
  3 endoplasms (D:1)
  A goblin (D:1)
  A hobgoblin (D:1)
  A jackal (D:1)
  3 kobolds (D:1)
  2 quokkas (D:1)
  2 bats (D:1)
  3 frilled lizards (D:1)
16 creatures vanquished.

Notes
Turn   | Place    | Note
-------+----------+-------------------------------------------
     0 | D:1      | ragingrage the Barachi Hexslinger began the quest for the
                  | Orb.
     0 | D:1      | Reached XP level 1. HP: 15/15 MP: 2/2
   200 | D:1      | Reached XP level 2. HP: 21/21 MP: 3/3
   570 | D:1      | Slain by a kobold

Illustrated notes

Levels and vault maps discovered:
D:1:      amcnicky_arrival_abandoned_market, layout_loops_cross,
          minmay_pentomino_v4

Skill      XL: |  1  2 |
---------------+-------+-----
Ranged Weapons | 3 |  3.1
Fighting       | |  1.2
Dodging        | |  2.1
Spellcasting   | |  1.1
Hexes          | |  3.2

Action                     || total
---------------------------++-------
   Fire: Sling             ||    67
   Cast: Slow              ||     8
Ability: Hop               ||     3
 Armour: Robe              ||    12
  Dodge: Dodged            ||    34

Table legend: (Time is in decaauts)
 A = Elapsed time spent in this place.
 B = Non-inter-level travel time spent in this place.
 C = Inter-level travel time spent in this place.
 D = Time resting spent in this place.
 E = Time spent auto-exploring this place.
 F = Levels seen in this place.
 G = Mean time per level.
                   A        B        C        D        E       F      G
               +--------+--------+--------+--------+--------+-----+--------+
         Total |    650 |    650 |      0 |     86 |    421 |   1 |  650.0 |
       Dungeon |    650 |    650 |      0 |     86 |    421 |   1 |  650.0 |
               +--------+--------+--------+--------+--------+-----+--------+

Top non-repeatable levels by time:
     D:1: 650 daAuts
